AoeStats
← Chlupinek

African Clearing

504569062Analyzed
4v4 RM · 26d ago on Sep 5, 2026· 45m 51s· 8 players
Game mode
Random Map
Map size
Large (8 player)
Population
200
Speed
Normal
Resources
Standard
Victory
Conquest
Starting age
Dark Age
Ending age
Imperial Age
RankedLock teamsTeams togetherTeam positionsShared explorationLock speedFull tech treeHidden civsTurbo modeCheats
Victory
Defeat
🇻🇳 Jurchens · Vietnam
1686
+15
🇨🇳 Dravidians · China
1638
+17
🇺🇸 Bulgarians · United States
1579
+19
🇧🇷 Inca · Brazil
1561
+20
🇩🇪 Franks · Germany
1757
-23
🇬🇧 Sicilians · United Kingdom
1669
-18
🇨🇿 Spanish · Czechia
1619
-16
🇹🇷 Goths · Türkiye
1561
-14
Chlupinek
12:04 Feudal Age
10:22 Loom
15:47 Castle Age
14:03 Double-Bit Axe
25:25 Horse Collar
34:00 Wheelbarrow
38:58 Hand Cart
42:46 Imperial Age
40:59 Scale Barding Armor
40:57 Town Watch
41:44 Forging
42:10 Bloodlines
42:21 Chain Barding Armor
43:13 Iron Casting
43:12 Husbandry
43:23 Cavalier
44:40 Plate Barding Armor
44:55 Paladin
46:37 Blast Furnace
billy bad beat
4:00 Loom
13:00 Feudal Age
16:51 Scale Barding Armor
16:55 Town Watch
17:18 Double-Bit Axe
23:15 Castle Age
22:39 Forging
23:34 Light Cavalry
32:05 Iron Casting
31:35 Fletching
36:15 Bodkin Arrow
38:32 Chain Barding Armor
The_OFLi
3:20 Loom
12:35 Feudal Age
12:44 Man-at-Arms
15:45 Scale Mail Armor
28:27 Double-Bit Axe
32:25 Castle Age
30:54 Horse Collar
31:46 Stone Mining
32:57 Forging
34:09 Squires
39:28 Chain Mail Armor
43:07 Pikeman
Torpedo
9:06 Loom
12:45 Feudal Age
13:44 Double-Bit Axe
18:30 Fletching
19:15 Horse Collar
19:43 Scale Mail Armor
25:06 Wheelbarrow
29:41 Castle Age
28:01 Forging
27:43 Gold Mining
29:59 Town Watch
30:46 Chain Mail Armor
31:06 Iron Casting
30:42 Bow Saw
30:33 Heavy Plow
31:12 Gold Shaft Mining
30:29 Stone Mining
31:56 Bodkin Arrow
37:39 First Crusade
41:32 Imperial Age
40:27 Stone Shaft Mining
40:59 Hand Cart
41:39 Masonry
42:43 Plate Mail Armor
43:29 Conscription
boo
4:52 Loom
14:03 Feudal Age
18:22 Castle Age
20:42 Double-Bit Axe
21:15 Horse Collar
22:11 Wheelbarrow
29:35 Bow Saw
29:32 Heavy Plow
30:27 Scale Barding Armor
30:26 Husbandry
31:14 Bloodlines
31:37 Forging
31:50 Chain Barding Armor
33:12 Iron Casting
32:55 Hand Cart
37:20 Imperial Age
36:13 Gold Mining
37:51 Stirrups
38:38 Plate Barding Armor
37:39 Cavalier
38:53 Conscription
41:27 Blast Furnace
哇哈哈
13:11 Feudal Age
13:43 Double-Bit Axe
16:11 Loom
18:58 Castle Age
18:27 Fletching
19:52 Bow Saw
20:03 Bodkin Arrow
40:58 Wheelbarrow
Dakar1
8:11 Loom
11:30 Feudal Age
16:49 Scale Mail Armor
16:53 Fletching
26:29 Padded Archer Armor
33:33 Castle Age
34:22 Bodkin Arrow
35:03 Crossbowman
38:31 Wheelbarrow
38:58 Ballistics
40:32 Double-Bit Axe
khungbo
11:19 Feudal Age
13:05 Loom
13:08 Double-Bit Axe
25:14 Castle Age
23:52 Gold Mining
24:05 Fletching
26:27 Bodkin Arrow
28:31 Padded Archer Armor
29:50 Bloodlines
29:41 Town Watch
32:37 Ballistics
34:12 Wheelbarrow
34:37 Husbandry
36:51 Leather Archer Armor
36:55 Horse Collar
37:26 Bow Saw
37:33 Bow Saw
42:31 Scale Barding Armor
44:09 Heavy Plow
Connection lost

Rejoining the realm…

Still unreachable

The connection could not be restored.

Session expired

The server has moved on; the page needs a fresh start.